 Dungeon Crawl Stone Soup version 0.30-a0-782-ge64f9170bb (webtiles) character file.

Game seed: 1221849764394287443

11 Buszaldor the Trooper (level 2, 0/24 HPs)
             Began as a Human Berserker on Feb 23, 2023.
             Was a Follower of Trog.
             Slain by a rat (1 damage)
             ... on level 2 of the Dungeon.
             The game lasted 00:03:56 (328 turns).

Buszaldor the Trooper (Human Berserker)              Turns: 328, Time: 00:03:56

Health: 0/24       AC:  2    Str: 17    XL:     2   Next: 35%
Magic:  2/2        EV: 12    Int:  7    God:    Trog [*.....]
Gold:   11         SH:  0    Dex: 12    Spells: 1/1 levels left

rFire   . . .      SeeInvis .    a - +0 falchion
rCold   . . .      Faith    .    (no shield)
rNeg    . . .      Spirit   .    b - +0 animal skin
rPois   .          Reflect  .    (no helmet)
rElec   .          Harm     .    (no cloak)
rCorr   .          Rampage  .    (no gloves)
Will    .....                    (no boots)
Stlth   +                        (no amulet)
HPRegen 0.24/turn                (no ring)
MPRegen 0.08/turn                (no ring)

@: no status effects
A: no striking features
a: Renounce Religion, Berserk


You were on level 2 of the Dungeon.
You worshipped Trog.
Trog was aware of your devotion.
You visited 1 branch of the dungeon, and saw 2 of its levels.

You collected 11 gold pieces.

Inventory:

Hand Weapons
 a - a +0 falchion (weapon)
 d - a +0 dagger
 f - a +0 club
 g - a +0 dagger
Armour
 b - a +0 animal skin (worn)
 c - a +0 scale mail
Scrolls
 h - a scroll of identify {unknown}
 i - a scroll of enchant weapon {unknown}
 j - a scroll of fear {unknown}
Potions
 e - a potion of brilliance {unknown}


   Skills:
 + Level 3.3 Fighting
 + Level 3.2 Long Blades
 + Level 2.0 Armour
 + Level 2.0 Dodging


You had one spell level left.
You didn't know any spells.
Your spell library was empty.

Dungeon Overview and Level Annotations

Branches:
Dungeon (2/15)

Altars:

Shops:
D:1 *


Message History

The adder barely misses you.
You closely miss the adder. The rat misses you. The adder bites you.
You hit the adder.
The adder is heavily wounded.
The adder bites you. The rat barely misses you.
The adder bites you but does no damage.
You barely miss the adder.
The adder is heavily wounded.
The rat bites you. The adder barely misses you.
You barely miss the adder.
The adder is heavily wounded.
The rat bites you. The adder bites you.
You barely miss the adder.
The adder is heavily wounded.
The adder barely misses you. The rat bites you. The adder bites you.
The rat misses you.
You miss the adder.
The adder is heavily wounded.
The adder barely misses you. The rat closely misses you.
You closely miss the adder.
The adder is heavily wounded.
The adder bites you. The rat bites you but does no damage. The adder bites you.
* * * LOW HITPOINT WARNING * * *
You miss the adder.
The adder is heavily wounded.
The adder completely misses you. The rat misses you.
You closely miss the adder.
The adder is heavily wounded.
The adder bites you.
* * * LOW HITPOINT WARNING * * *
The rat bites you.
* * * LOW HITPOINT WARNING * * *
The adder bites you.
* * * LOW HITPOINT WARNING * * *
The rat attacks as you move away! The rat misses you.
The adder attacks as you move away! The adder closely misses you.
The rat attacks as you move away! The rat bites you.
* * * LOW HITPOINT WARNING * * *
The rat attacks as you move away! The rat bites you.
You die...

.# .# .# ..
.. #. .# #.
.# #. .## #
#.###..#.###
#.#r........
+.@S........
###....####.
#<#..#
#.##..# #.#
#.# #.# .#
#.. .. ### #


You could see an adder and a rat.

Vanquished Creatures
  2 endoplasms (D:1)
  2 goblins (D:1)
  A hobgoblin (D:1)
  A kobold (D:1)
  A quokka (D:1)
  A ball python (D:1)
  A bat (D:1)
9 creatures vanquished.

Notes
Turn   | Place    | Note
-------+----------+-------------------------------------------
     0 | D:1      | Buszaldor the Human Berserker began the quest for the Orb.
     0 | D:1      | Reached XP level 1. HP: 18/18 MP: 1/1
    74 | D:1      | Found Zirunec's Assorted Antiques.
   177 | D:1      | Reached XP level 2. HP: 17/24 MP: 2/2
   325 | D:2      | HP: 1/24 [adder (1)]
   328 | D:2      | Slain by a rat

Illustrated notes

Levels and vault maps discovered:
D:1:      matt_arrival_spirals, layout_loops_ring, serial_shops, shop,
          hangedman_decor_growths, chequers_mini_garden, minmay_ruptured
D:2:      layout_loops_corners

Action                     || total
---------------------------++-------
  Melee: Falchion          ||    35
 Armour: Animal skin       ||     5
  Dodge: Dodged            ||    31

Table legend: (Time is in decaauts)
 A = Elapsed time spent in this place.
 B = Non-inter-level travel time spent in this place.
 C = Inter-level travel time spent in this place.
 D = Time resting spent in this place.
 E = Time spent auto-exploring this place.
 F = Levels seen in this place.
 G = Mean time per level.
                   A        B        C        D        E       F      G
               +--------+--------+--------+--------+--------+-----+--------+
         Total |    332 |    307 |     25 |      0 |     22 |   2 |  166.0 |
       Dungeon |    332 |    307 |     25 |      0 |     22 |   2 |  166.0 |
               +--------+--------+--------+--------+--------+-----+--------+

Top non-repeatable levels by time:
     D:1: 314 daAuts
     D:2: 18 daAuts
